 Dungeon Crawl Stone Soup version 0.13-a0-2318-gf5ad1f9 (webtiles) character file.

177 Kae the Cudgeler (level 3, -6/33 HPs)
             Began as a Minotaur Berserker on July 10, 2013.
             Was a Believer of Trog.
             Killed by divine providence
             ... invoked by an orc priest
              (12 damage)
             ... on Level 3 of the Dungeon.
             The game lasted 00:01:08 (1821 turns).

Kae the Cudgeler (Minotaur Berserker)               Turns: 1821, Time: 00:01:08

HP  -6/33        AC  2     Str 21      XL: 3   Next: 96%
MP   1/1         EV 12     Int  5      God: Trog [**....]
Gold 111         SH  0     Dex  9      Spells:  0 memorised,  2 levels left

Res.Fire  : . . .   See Invis. : .   a - +0 mace
Res.Cold  : . . .   Warding    : .   b - +0 animal skin
Life Prot.: . . .   Conserve   : .   (no shield)
Res.Poison: .       Res.Corr.  : .   (helmet restricted)
Res.Elec. : .       Clarity    : .   (no cloak)
Sust.Abil.: . .     Spirit.Shd : .   (no gloves)
Res.Mut.  : .       Stasis     : .   (no boots)
Res.Rott. : .       Flight     : .   (no amulet)
Saprovore : . . .                    (no ring)
                                     (no ring)

@: not resistant to hostile enchantments, very unstealthy
A: retaliatory headbutt, horns 2
a: Burn Spellbooks, Berserk, Trog's Hand, Renounce Religion


You were on level 3 of the Dungeon.
You worshipped Trog.
Trog was most pleased with you.
You were not hungry.

You visited 1 branch of the dungeon, and saw 3 of its levels.

You collected 91 gold pieces.

Inventory:

Hand weapons
 a - a +0,+0 mace (weapon)
Armour
 b - a +0 animal skin (worn)
Comestibles
 c - 2 bread rations
 g - a meat ration
 k - 2 rotting chunks of orc flesh
Scrolls
 f - a scroll of enchant weapon II {unknown}
 h - a scroll of remove curse {unknown}
 j - a scroll of teleportation {unknown}
 l - a scroll of identify {unknown}
 o - a scroll of noise {unknown}
Jewellery
 n - an uncursed ring of teleport control {unknown}
Potions
 d - a potion of invisibility {unknown}
 e - a potion of heal wounds {unknown}
 i - a potion of flight {unknown}
Books
 m - a book of Beasts

   Spells                             Type                      Level
   Summon Butterflies                 Summoning                    1
   Sticks to Snakes                   Transmutation                2
   Call Canine Familiar               Summoning                    3
   Ice Form                           Ice/Transmutation            4
   Summon Ice Beast                   Ice/Summoning                4
   Summon Hydra                       Summoning                    7
   Trog disapproves of the use of such an item.


   Skills:
 - Level 3.7 Fighting
 + Level 5.8 Maces & Flails
 - Level 2.5 Armour
 - Level 2.1 Dodging


You had 2 spell levels left.
You didn't know any spells.

Dungeon Overview and Level Annotations

Branches:
Dungeon (3/27)

Altars:


Innate Abilities, Weirdness & Mutations

You reflexively headbutt those who attack you in melee.
You have a pair of horns on your head.


Message History

The orc priest is severely wounded.
The orc priest invokes the aid of Beogh against you.
Something smites you!
* * * LOW HITPOINT WARNING * * *
You are too injured to fight recklessly!
You are too injured to fight recklessly!
You are too injured to fight recklessly!
You are too injured to fight recklessly!
You are too injured to fight recklessly!
You are too injured to fight recklessly!
You are too injured to fight recklessly!
You are too injured to fight recklessly!
You hit the orc priest. Your headbutt misses the orc priest.
The orc priest is severely wounded.
The orc priest closely misses you.
You hit the orc priest but do no damage.
The orc priest is severely wounded.
The orc priest mumbles some strange prayers to Beogh against you.
Something smites you!
You die...

##### #### ###...# #(..
...#.# #..# ##### #...##
#####..######...#####..##
#......o@.....#..........
#.###..##############..##
#..# #..... #..# #.####
#).# #. #..# #. #..# #.
#o.# #. #.<# .


You could see an orc priest.

Vanquished Creatures
  2 adders (D:2)
  A giant mite (D:3)
  2 giant geckos
  3 orcs (D:3)
  3 giant cockroaches
  6 hobgoblins
  4 jackals (D:2)
  3 kobolds (D:1)
  A ball python (D:1)
  A bat (D:2)
  A giant newt (D:1)
  6 goblins
  3 rats
36 creatures vanquished.

Notes
Turn   | Place    | Note
--------------------------------------------------------------
     0 | D:1      | Kae, the Minotaur Berserker, began the quest for the Orb.
     0 | D:1      | Reached XP level 1. HP: 19/19 MP: 0/0
   198 | D:1      | Reached skill level 4 in Maces & Flails
   229 | D:1      | Reached XP level 2. HP: 23/26 MP: 0/0
   701 | D:2      | Acquired Trog's second power
   778 | D:2      | Reached skill level 5 in Maces & Flails
   778 | D:2      | Reached XP level 3. HP: 17/33 MP: 1/1
  1821 | D:3      | Killed from afar by an orc priest

Action                   || total
-------------------------++-------
Melee: Mace              ||    90
